 Dungeon Crawl Stone Soup version 0.15-a0-110-gb05c47c (webtiles) character file.

1617 Qrupt the Slicer (level 9, -4/55 HPs)
             Began as a Halfling Fighter on Apr 10, 2014.
             Killed from afar by Dowan (21 damage)
             ... with a shard of ice
             ... on Level 5 of the Dungeon.
             The game lasted 00:24:36 (7244 turns).

Qrupt the Slicer (Halfling Fighter)                 Turns: 7244, Time: 00:24:41

HP  -4/55        AC  7     Str 16      XL: 9   Next:  4%
MP   9/9         EV 10     Int  8      God:
Gold 175         SH 14     Dex 16      Spells:  0 memorised,  8 levels left

rFire  . . .     SeeInvis .     a - +0 cutlass
rCold  . . .     Clarity  .     b - +0 scale mail
rNeg   . . .     Conserve .     c - +1 buckler
rPois  .         rCorr    .     (no helmet)
rElec  .         rRot     .     (no cloak)
SustAb . .       Spirit   .     s - +0 pair of gloves
rMut   .         Warding  .     (no boots)
Saprov . . .     Stasis   .     (no amulet)
MR     .....                    (no ring)
                                (no ring)

@: not resistant to hostile enchantments, extremely unstealthy
A: mutation resistance 1, slow metabolism 1
a: no special abilities


You were on level 5 of the Dungeon.
You were hungry.

You visited 1 branch of the dungeon, and saw 5 of its levels.
You also visited: Sewer.

You collected 175 gold pieces.

Inventory:

Hand weapons
 a - a +0,+0 cutlass (weapon)
 g - a +2,+1 short sword of holy wrath
Armour
 b - a +0 scale mail (worn)
 c - a +1 buckler (worn)
 s - a +0 pair of gloves (worn)
Comestibles
 d - 4 bread rations
 j - a rotting chunk of hobgoblin flesh
 l - 2 meat rations
 p - a cheese
 t - 2 pears
 w - a lychee
Scrolls
 f - 4 scrolls of enchant armour
 h - 2 scrolls of enchant weapon II
 i - 2 scrolls of identify {unknown}
 o - 3 scrolls of random uselessness {unknown}
 x - 2 scrolls of remove curse
 z - a scroll of magic mapping {unknown}
Jewellery
 r - a -3,-4 ring of slaying {unknown}
 y - a +3 ring of strength {unknown}
Potions
 e - a potion of might
 k - a potion of confusion
 m - a potion of heal wounds
 n - a potion of agility {unknown}
 q - 4 potions of haste
 u - a potion of brilliance {unknown}
 v - a potion of cure mutation {unknown}


   Skills:
 - Level 2.6 Fighting
 - Level 10.6 Short Blades
 - Level 2.4 Armour
 + Level 6.9 Dodging
 - Level 5.0 Shields


You had 8 spell levels left.
You didn't know any spells.

Dungeon Overview and Level Annotations

Branches:
Dungeon (5/15)
 Temple: D:4-7

Altars:
Fedhas
Kikubaaqudgha
Okawaru

Annotations:
D:5 Dowan


Innate Abilities, Weirdness & Mutations

You are small and have problems with some larger weapons.
You are somewhat resistant to further mutation.
You have a slow metabolism.


Message History

You hit Duvessa.
Duvessa is almost dead.
You block Duvessa's attack.
You hit Duvessa.
Duvessa is almost dead.
The phantom blinks!
Dowan barely misses you. You block Duvessa's attack.
You barely miss Duvessa.
Duvessa is almost dead.
You hit Duvessa.
You kill Duvessa!
Dowan's eyes darken. "You have made a black mistake."
Dowan seems to find hidden reserves of power!
You have reached level 9!
Your experience leads to an increase in your attributes!
Increase (S)trength, (I)ntelligence, or (D)exterity?
You feel stronger.
Dowan shakes with grief.
Dowan gestures at you while chanting. The shard of ice hits you!
You die...

### #@#
#)### #e..#
#(#.# #...#
#%######....
#...>..g..o.
#..#.###....
.........


You could see Dowan.

Vanquished Creatures
  A centaur (D:5)
  Duvessa (D:5)
  7 big kobolds (Sewer)
  3 vampire bats (D:2)
  2 hounds (D:4)
  A black bear zombie (D:5)
  2 orc wizards (D:3)
  2 worker ants
  2 orc priests (D:3)
  11 adders
  11 gnolls
  A green rat (Sewer)
  A giant mite (D:3)
  An inept feature mimic (D:4)
  5 worms
  7 giant geckos
  7 oozes
  16 orcs
  11 bats
  2 bat skeletons (D:2)
  3 bat zombies (D:2)
  10 goblins
  10 hobgoblins
  9 kobolds
  4 quokkas
  4 ball pythons
  A ball python skeleton (D:4)
  8 giant cockroaches
  7 giant newts
  4 jackals (D:3)
  A kobold skeleton (D:4)
  11 rats
166 creatures vanquished.

Notes
Turn   | Place    | Note
--------------------------------------------------------------
     0 | D:1      | Qrupt, the Halfling Fighter, began the quest for the Orb.
     0 | D:1      | Reached XP level 1. HP: 15/15 MP: 1/1
   197 | D:1      | Reached XP level 2. HP: 18/20 MP: 2/2
   396 | D:1      | Reached skill level 4 in Short Blades
   649 | D:2      | Reached XP level 3. HP: 15/25 MP: 3/3
   957 | D:2      | Reached skill level 5 in Short Blades
  1187 | D:2      | Found a blossoming altar of Fedhas.
  1212 | D:2      | Reached XP level 4. HP: 20/30 MP: 4/4
  1570 | D:2      | Reached skill level 6 in Short Blades
  1712 | D:2      | Reached XP level 5. HP: 14/35 MP: 5/5
  2201 | D:2      | Found an ancient bone altar of Kikubaaqudgha.
  2201 | D:2      | Noticed a vampire bat
  2201 | D:2      | Noticed a vampire bat
  2206 | D:2      | Killed a vampire bat
  2206 | D:2      | Reached skill level 7 in Short Blades
  2207 | D:2      | Noticed a vampire bat
  2220 | D:2      | Killed a vampire bat
  2220 | D:2      | Reached XP level 6. HP: 30/41 MP: 6/6
  2222 | D:2      | Killed a vampire bat
  2222 | D:2      | Reached skill level 8 in Short Blades
  2516 | D:3      | Found an iron altar of Okawaru.
  2903 | D:3      | Found a glowing drain.
  2968 | Sewer    | Entered a sewer
  3040 | Sewer    | Reached skill level 9 in Short Blades
  3040 | Sewer    | Reached XP level 7. HP: 40/45 MP: 7/7
  3385 | Sewer    | Reached skill level 10 in Short Blades
  3645 | Sewer    | Reached skill level 1 in Dodging
  3645 | Sewer    | Reached XP level 8. HP: 51/51 MP: 8/8
  4956 | D:3      | Reached skill level 5 in Shields
  5760 | D:4      | Reached skill level 5 in Dodging
  6292 | D:5      | Entered Level 5 of the Dungeon
  7117 | D:5      | Noticed Duvessa
  7124 | D:5      | Noticed Dowan
  7244 | D:5      | Killed Duvessa
  7244 | D:5      | Reached XP level 9. HP: 16/55 MP: 9/9
  7244 | D:5      | Killed from afar by Dowan

Action                   |  1- 3 |  4- 6 |  7- 9 || total
-------------------------+-------+-------+-------++-------
Melee: Cutlass           |   117 |   134 |   411 ||   662
       Short sword       |       |   150 |   284 ||   434
  Use: Potion            |     2 |     4 |     1 ||     7
       Scroll            |       |     7 |     1 ||     8
